AoeStats
← [SEID] Mentor

QS Arena

503533917Analyzed
3v3 RM · 1mo ago on Sep 1, 2026· 20m 42s· 6 players
Game mode
Random Map
Map size
Normal (6 player)
Population
200
Speed
Normal
Resources
Standard
Victory
Conquest
Starting age
Dark Age
Ending age
Imperial Age
RankedLock teamsTeams togetherTeam positionsShared explorationLock speedFull tech treeHidden civsTurbo modeCheats
Victory
Defeat
🇦🇷 Romans · Argentina
1574
+6
🇦🇷 Khmer · Argentina
1508
+9
🇦🇷 Celts · Argentina
1486
+9
🇨🇱 Vietnamese · Chile
1364
-9
🇨🇱 Teutons · Chile
1350
-9
🇺🇸 Cumans · United States
1295
-7
Vabryn
9:30 Feudal Age
10:47 Wheelbarrow
10:01 Double-Bit Axe
9:58 Horse Collar
10:36 Gold Mining
11:43 Loom
Titan
6:29 Loom
8:29 Feudal Age
6:50 Loom
14:00 Castle Age
blackgraw
8:27 Feudal Age
12:13 Castle Age
10:15 Double-Bit Axe
12:25 Stone Mining
13:30 Stone Shaft Mining
13:07 Bow Saw
14:45 Loom
17:11 Gold Mining
17:41 Fletching
[SEID] Mentor
7:41 Feudal Age
11:11 Castle Age
11:06 Bloodlines
11:20 Double-Bit Axe
11:48 Scale Barding Armor
11:45 Horse Collar
14:39 Scale Barding Armor
16:50 Forging
fassu
2:35 Loom
7:21 Feudal Age
8:17 Double-Bit Axe
14:38 Castle Age
12:57 Horse Collar
13:40 Town Watch
16:14 Bow Saw
16:34 Gold Mining
[SEID] Aletheia
5:19 Loom
7:41 Feudal Age
11:11 Castle Age
10:59 Double-Bit Axe
Connection lost

Rejoining the realm…

Still unreachable

The connection could not be restored.

Session expired

The server has moved on; the page needs a fresh start.